Map: Cosmic Sapphire

Players

RiSkyZ (RiSky)

  • Race: Zerg Zerg
  • Spawn Location: 11:00

ForJumY - Winner!

  • Race: Protoss Protoss
  • League: Grandmaster
  • Spawn Location: 5:00

Event: HomeStory Cup XXII

VOD

Have the link to the VOD?

Description

Time

  • Played on: Dec. 15, 2022, 9:48 a.m.
  • Length: 11:46

All games in this series

Show
View Real Time Build Order
Export as new Build Order

RiSkyZ Zerg 

Build Orders: Hatch First 

Get SALT Encoding   

  12  0:01  Drone  
  13  0:12  Overlord  
  13  0:17  Drone  
  14  0:31  Drone x2  
  16  0:46  Drone  
  17  0:52  Hatchery  
  17  0:55  Drone  
  17  0:59  Drone  
  18  1:09  Extractor  
  17  1:14  Spawning Pool  
  17  1:16  Drone  
  17  1:20  Drone  
  18  1:28  Drone  
  19  1:39  Drone  
  20  1:50  Overlord  
  20  2:01  Zergling x2  
  20  2:04  Queen x2  
  20  2:05  Zergling x2  
  26  2:10  Metabolic Boost  
  26  2:16  Drone x2  
  28  2:25  Drone  
  28  2:26  Drone  
  30  2:38  Hatchery  
  30  2:40  Drone  
  30  2:44  Queen  
  30  2:51  Overlord  
  32  2:52  Drone  
  32  2:55  Drone  
  32  2:57  Drone  
  35  3:03  Drone  
  36  3:09  Queen  
  36  3:11  Drone x2  
  40  3:18  Zergling x2, Overlord  
  41  3:21  Drone  
  41  3:22  Drone x2  
  44  3:33  Overlord  
  44  3:36  Queen, Overlord  
  44  3:39  Drone  
  47  3:44  Drone x2  
  47  3:45  Drone x2  
  51  3:52  Roach Warren  
  51  3:55  Drone x3  
  53  4:01  Drone x3  
  56  4:04  Spore Crawler  
  56  4:08  Drone x2  
  57  4:12  Drone  
  57  4:13  Drone  
  57  4:15  Queen  
  60  4:24  Drone x3  
  62  4:26  Spore Crawler  
  62  4:28  Drone  
  62  4:29  Drone, Overlord  
  64  4:31  Lair  
  64  4:33  Drone  
  64  4:35  Drone  
  64  4:38  Drone  
  67  4:44  Overlord  
  67  4:46  Drone  
  67  4:51  Zergling x2  
  67  4:52  Zergling x12, Extractor  
  74  4:53  Extractor  
  74  4:56  Zergling x4  
  74  4:59  Zergling x2  
  77  5:00  Zergling x4  
  72  5:17  Roach x4  
  77  5:21  Queen  
  77  5:28  Pneumatized Carapace  
  79  5:33  Roach x2  
  83  5:36  Roach  
  83  5:39  Queen  
  87  5:45  Roach  
  87  5:46  Zergling x2  
  87  5:49  Overlord  
  90  5:52  Overlord  
  90  5:53  Overlord  
  90  5:54  Overlord  
  90  6:03  Overlord  
  90  6:06  Queen  
  90  6:07  Overlord  
  90  6:09  Zergling x12  
  98  6:13  Zergling x6  
  98  6:17  Ravager x3  
  104  6:18  Zergling x2  
  104  6:19  Zergling x4  
  107  6:26  Zergling x2  
  107  6:27  Zergling x4  
  108  6:36  Zergling x10  
  108  6:37  Zergling x4  
  107  6:44  Zergling x4  
  103  6:54  Zergling x2  
  103  6:55  Zergling x10  
  102  7:06  Zergling x6  
  97  7:14  Roach  
  90  7:15  Ravager  
  90  7:16  Queen x2, Ravager x2  
  90  7:21  Spire  
  81  7:31  Zergling x10  
  81  7:34  Queen  
  81  7:36  Zergling x4  
  75  7:51  Zergling x18  
  75  7:52  Queen  
  75  7:58  Roach, Extractor  
  87  7:59  Extractor  
  86  8:08  Zergling x6  
  86  8:10  Hatchery  
  86  8:11  Extractor  
  87  8:24  Overlord x2  
  87  8:26  Queen  
  88  8:45  Mutalisk x9  
  106  8:51  Glial Reconstitution  
  106  8:53  Overlord  
  106  8:54  Roach  
  106  8:55  Roach  
  110  9:06  Roach x4  
  111  9:10  Roach x2  
  111  9:13  Roach  
  116  9:19  Roach x2  
  116  9:23  Roach  
  122  9:28  Roach  
  123  9:33  Ravager x4  
  123  9:35  Drone x2  
  129  9:42  Overseer  
  129  9:50  Drone x5  
  129  9:51  Roach  
  127  10:02  Roach x2  
  127  10:06  Ravager x6  
  126  10:19  Roach x4  
  123  10:23  Roach  
  121  10:29  Ravager x2  
  121  10:36  Roach x3  
  110  10:51  Zergling x14  
  111  10:58  Zergling x2  
  100  11:06  Zergling x6  
  94  11:18  Zergling x4  
  89  11:24  Zergling x2  
  89  11:25  Zergling x2  
Show
View Real Time Build Order
Export as new Build Order

ForJumY Protoss - Winner!

Build Orders: 1 Gate Expand, Oracle Opening, Zealot Archon 

Get SALT Encoding   

  12  0:00  Probe  
  13  0:12  Probe  
  14  0:18  Pylon  
  14  0:24  Probe  
  15  0:36  Probe (Chrono Boost)  
  15  0:39  Gateway  
  16  0:48  Probe (Chrono Boost)  
  16  0:49  Assimilator  
  17  0:53  Probe (Chrono Boost)  
  18  1:03  Probe  
  19  1:15  Probe  
  20  1:27  Nexus  
  20  1:38  Cybernetics Core  
  20  1:41  Probe  
  21  1:47  Assimilator  
  21  1:53  Probe  
  22  1:57  Pylon  
  22  2:05  Probe  
  23  2:13  Stalker (Chrono Boost)  
  23  2:15  Warp Gate  
  23  2:17  Probe  
  26  2:29  Probe  
  27  2:32  Stargate  
  27  2:38  Adept  
  27  2:42  Probe x2 (Chrono Boost)  
  33  2:52  Probe x2 (Chrono Boost)  
  33  2:57  Probe x2 (Chrono Boost)  
  34  3:07  Adept, Probe  
  34  3:08  Probe  
  38  3:13  Oracle (Chrono Boost)  
  42  3:20  Probe  
  42  3:23  Probe  
  42  3:26  Pylon  
  43  3:32  Probe  
  44  3:35  Probe  
  44  3:41  Oracle (Chrono Boost)  
  45  3:44  Probe  
  45  3:47  Probe  
  50  3:56  Nexus, Probe  
  50  3:57  Pylon  
  50  3:59  Probe  
  52  4:03  Adept  
  52  4:09  Gateway  
  54  4:15  Oracle, Probe  
  58  4:18  Probe  
  58  4:20  Shield Battery  
  59  4:24  Pylon  
  59  4:27  Probe  
  59  4:29  Adept  
  62  4:37  Pylon  
  62  4:42  Probe x2  
  62  4:45  Twilight Council  
  64  4:47  Forge  
  64  4:52  Assimilator  
  64  4:53  Zealot  
  64  4:54  Probe x2, Assimilator  
  69  5:08  Probe (Chrono Boost)  
  69  5:09  Probe (Chrono Boost)  
  69  5:13  Zealot, Probe (Chrono Boost)  
  71  5:21  Probe (Chrono Boost)  
  67  5:23  Probe x2 (Chrono Boost)  
  67  5:26  Robotics Facility, Probe (Chrono Boost)  
  67  5:28  Charge  
  69  5:30  Probe  
  69  5:31  Gateway  
  69  5:32  Gateway  
  69  5:33  Zealot  
  69  5:35  Protoss Ground Weapons Level 1 (Chrono Boost)  
  73  5:36  Gateway  
  73  5:37  Probe  
  73  5:39  Probe  
  73  5:41  Pylon  
  73  5:42  Probe  
  75  5:48  Pylon  
  75  5:49  Probe  
  76  5:51  Probe  
  76  5:55  Probe  
  76  5:56  Assimilator  
  78  5:59  Assimilator  
  78  6:01  Templar Archives  
  78  6:03  Gateway x2  
  78  6:06  Sentry  
  78  6:10  Zealot  
  82  6:12  Probe x3  
  82  6:17  Photon Cannon  
  82  6:18  Immortal (Chrono Boost)  
  85  6:24  Probe  
  90  6:29  Shield Battery  
  90  6:32  Zealot x3  
  90  6:37  Shield Battery  
  90  6:39  Zealot x2  
  98  6:41  Shield Battery  
  95  6:51  Immortal (Chrono Boost)  
  95  6:53  High Templar x2  
  99  6:56  Sentry  
  99  6:57  Archon  
  89  7:02  Shield Battery x2  
  89  7:06  High Templar x2  
  89  7:07  Zealot x2  
  92  7:11  Archon  
  86  7:20  Zealot  
  86  7:22  Probe x3  
  84  7:24  Immortal (Chrono Boost)  
  84  7:25  Zealot x3  
  84  7:32  Zealot  
  84  7:34  Probe  
  81  7:38  Zealot x2  
  81  7:41  Zealot  
  83  7:46  Zealot x2  
  83  7:47  Probe  
  83  7:48  Probe  
  89  7:51  High Templar x2  
  89  7:52  Probe  
  89  7:56  Sentry  
  89  7:57  Archon  
  96  8:01  Warp Prism (Chrono Boost), Pylon  
  96  8:05  Probe x2  
  100  8:06  Pylon  
  100  8:07  Protoss Ground Weapons Level 2, Psionic Storm  
  100  8:10  Pylon  
  100  8:16  Photon Cannon  
  100  8:17  High Templar  
  100  8:18  Probe  
  100  8:19  Probe  
  104  8:23  Zealot, High Templar  
  104  8:24  Zealot, Probe  
  111  8:27  Pylon  
  111  8:32  Observer (Chrono Boost)  
  112  8:47  High Templar x2  
  116  8:50  Warp Prism  
  116  8:51  Archon  
  116  8:54  Zealot  
  119  8:59  Pylon  
  119  9:00  Pylon  
  115  9:10  Zealot x4  
  115  9:11  Probe x2  
  115  9:15  Pylon  
  123  9:22  High Templar x3  
  129  9:24  Gateway  
  129  9:26  Pylon  
  129  9:28  Archon  
  129  9:31  High Templar  
  131  9:34  Phoenix (Chrono Boost)  
  131  9:36  Archon  
  126  9:40  Zealot x3  
  126  9:44  Photon Cannon  
  111  9:47  Photon Cannon  
  111  9:48  Photon Cannon  
  111  9:49  Stargate  
  111  9:50  Phoenix (Chrono Boost)  
  106  9:53  Photon Cannon  
  106  9:57  Probe  
  99  10:04  Stalker x2  
  74  10:22  Stalker  
  74  10:24  Probe x3  
  77  10:36  Probe  
  77  10:39  Zealot x4  
  82  10:54  Probe  
  81  11:00  Archon  
  81  11:01  Zealot x3  
  87  11:09  Warp Prism (Chrono Boost)  
  66  11:33  Zealot x3  
  66  11:35  High Templar  
Tags
 
Add a new tag
Caveats
  • Supply blocks, unpowered buildings, or Contaminate may cause inaccurate times.
  • Supply counts are checked every 10 seconds.